 Dungeon Crawl Stone Soup version 0.20.1-1-g8b1a95d (webtiles) character file.

328 spiff the Ruffian (level 6, 0/47 HPs)
             Began as a Draconian Transmuter on July 19, 2017.
             Slain by a gnoll
             ... wielding a +0 spear
              (5 damage)
             ... on level 3 of the Dungeon.
             The game lasted 00:07:23 (3405 turns).

spiff the Ruffian (Draconian Transmuter)            Turns: 3405, Time: 00:07:23

Health: 0/47       AC:  2    Str: 14    XL:     6   Next: 25%
Magic:  4/9        EV: 19    Int: 14    God:
Gold:   200        SH:  0    Dex: 16    Spells: 3/9 levels left

rFire    . . .     SeeInvis .     - Unarmed
rCold    . . .     Gourm    .   (shield currently unavailable)
rNeg     + . .     Faith    .   (armour unavailable)
rPois    x         Spirit   .   (helmet currently unavailable)
rElec    .         Reflect  .   (cloak currently unavailable)
rCorr    .         Harm     .   (gloves currently unavailable)
MR       .....                  (boots currently unavailable)
Stlth    +.........             (no amulet)
Regen    0.2/turn               k - ring of positive energy
MPRegen  0.2/turn               (no ring)

@: spider-form
A: unfitting armour, AC +6
a: End Transformation


You were on level 3 of the Dungeon.
You were not hungry.
You were a venomous arachnid creature.
You visited 1 branch of the dungeon, and saw 4 of its levels.

You collected 200 gold pieces.

Inventory:

Missiles
 a - 21 arrows
Armour
 s - a +0 cloak of magic resistance (melded)
 w - a +0 pair of gloves (melded)
Jewellery
 k - a ring of positive energy (left front leg)
 p - an uncursed ring of fire {unknown}
Scrolls
 d - 5 scrolls of identify {unknown}
 e - 3 scrolls of remove curse {unknown}
 f - 2 scrolls of enchant armour {unknown}
 h - a scroll of amnesia {unknown}
 l - 2 scrolls of immolation {unknown}
 n - a scroll of random uselessness {unknown}
 o - a scroll of fog {unknown}
 v - a scroll of fear {unknown}
Potions
 i - a potion of magic {unknown}
 m - 2 potions of mutation {unknown}
 q - a potion of heal wounds
 r - a potion of agility {unknown}
 t - a potion of flight {unknown}
 x - a potion of invisibility {unknown}
 z - a potion of might {unknown}
Books
 b - a book of Changes

   Spells                             Type                      Level
   a - Beastly Appendage              Transmutation                1
   b - Sticks to Snakes               Transmutation                2
   c - Spider Form                    Transmutation/Poison         3
   d - Ice Form                       Ice/Transmutation            4
   e - Blade Hands                    Transmutation                5
 u - a book of Cantrips

   Spells                             Type                      Level
   a - Confusing Touch                Hexes                        1
   b - Animate Skeleton               Necromancy                   1
   c - Summon Small Mammal            Summoning                    1
   d - Apportation                    Translocation                1
Comestibles
 c - 2 bread rations
 j - 2 fruits


   Skills:
 - Level 1.1 Fighting
 - Level 1.7 Dodging
 + Level 5.5 Unarmed Combat
 - Level 2.0 Spellcasting
 + Level 4.8 Transmutations


You had 3 spell levels left.
You knew the following spells:

 Your Spells              Type           Power        Failure   Level  Hunger
a - Beastly Appendage     Tmut           ##....       11%         1    ##.....
b - Sticks to Snakes      Tmut           ##......     14%         2    ###....
c - Spider Form           Tmut/Pois      #.........   47%         3    ####...


Dungeon Overview and Level Annotations

Branches:
Dungeon (4/15)
 Temple: D:4-7

Altars:
Qazlal
Ru
Yredelemnul


Innate Abilities, Weirdness & Mutations

((Your plain brown scales are hard. (AC +6)))
You cannot fit into any form of body armour.
((You are cold-blooded and may be slowed by cold attacks.))


Message History

The gnoll hits you from afar with a spear.
* * * LOW HITPOINT WARNING * * *
The gnoll hits you with a spear!
* * * LOW HITPOINT WARNING * * *
You see here a giant cockroach corpse.
You hit the gnoll.
The gnoll is lightly wounded.
The gnoll closely misses you. x2
You hit the gnoll but do no damage.
The gnoll is lightly wounded.
The gnoll closely misses you. The gnoll hits you with a spear.
* * * LOW HITPOINT WARNING * * *
You hit the gnoll.
The gnoll is poisoned.
The gnoll is lightly wounded.
The gnoll completely misses you.
You barely miss the gnoll.
The gnoll is lightly wounded.
The gnoll closely misses you.
The gnoll hits you from afar with a spear.
You die...

#........................)....
#......#.######..#.#.#.###.###
#......#...# #..#.#.#.# #(#
#....g.#g..# ##.#.#.#.###)###
#......#g..# #>.............
#......#.#######.#.#.#........
#......#...gg....#.#.######.##
#.....############.#.# #.#.
#..[..'....ggs.....#.# #.#.
#.....##############.# #.#.
#...).# #.# #.#. ####### #.#
#.#. ###.## #.#. #....# #.#.
#....#####.#. #....##......
#....##.####.


You could see 2 gnolls.

Vanquished Creatures
  A scorpion (D:3)
  Crazy Yiuf (D:2)
  Natasha (thrice) (D:3)
  A gnoll (D:4)
  8 adders
  2 dart slugs (D:1)
  2 leopard geckos
  5 orcs (D:3)
  4 ball pythons
  7 bats
  6 giant cockroaches
  12 goblins
  10 hobgoblins
  7 jackals
  3 quokkas
  4 frilled lizards
  6 kobolds
  3 rats
85 creatures vanquished.

Vanquished Creatures (collateral kills)
  A quokka (D:2)
1 creature vanquished.

Grand Total: 86 creatures vanquished

Notes
Turn   | Place    | Note
-------+----------+-------------------------------------------
     0 | D:1      | spiff the Draconian Transmuter began the quest for the Orb.
     0 | D:1      | Reached XP level 1. HP: 16/16 MP: 3/3
   139 | D:1      | Reached XP level 2. HP: 20/23 MP: 1/5
   579 | D:1      | Learned a level 2 spell: Sticks to Snakes
  1321 | D:2      | Reached XP level 3. HP: 28/28 MP: 4/6
  1452 | D:2      | Found a stormy altar of Qazlal.
  1540 | D:2      | Reached skill level 4 in Unarmed Combat
  1551 | D:2      | Learned a level 3 spell: Spider Form
  1635 | D:2      | Found a basalt altar of Yredelemnul.
  1668 | D:2      | Reached XP level 4. HP: 34/35 MP: 7/7
  1926 | D:2      | Found a runed door.
  1932 | D:2      | Noticed Crazy Yiuf
  1939 | D:2      | Killed Crazy Yiuf
  2620 | D:3      | Found a sacrificial altar of Ru.
  2634 | D:3      | Reached XP level 5. HP: 40/40 MP: 6/8
  2718 | D:3      | Noticed Natasha
  2725 | D:3      | Killed Natasha
  2727 | D:3      | Noticed Natasha
  2742 | D:3      | Killed Natasha
  2885 | D:3      | Reached skill level 5 in Unarmed Combat
  3003 | D:3      | Noticed Natasha
  3010 | D:3      | Killed Natasha
  3358 | D:4      | Reached XP level 6. HP: 39/47 MP: 2/9
  3405 | D:3      | Slain by a gnoll

Skill      XL: |  1  2  3  4  5 |
---------------+----------------+-----
Unarmed Combat | 4 5 |  5.5
Transmutations | 3 4 |  4.8
Fighting       | |  1.1
Dodging        | |  1.7
Spellcasting   | |  2.0

Action                   |  1- 3 |  4- 6 || total
-------------------------+-------+-------++-------
Melee: Unarmed           |   154 |   120 ||   274
       Tailslap          |    17 |     5 ||    22
       Kick              |     6 |     6 ||    12
       Punch             |     2 |     1 ||     3
       Headbutt          |     9 |     3 ||    12
 Cast: Beastly Appendage |    20 |    13 ||    33
       Sticks to Snakes  |     2 |       ||     2
       Spider Form       |     1 |    12 ||    13
  Use: Potion            |       |     1 ||     1
 Stab: Sleeping          |       |     1 ||     1
  Eat: Chunk             |     3 |     8 ||    11
Armor: Skin              |    51 |    28 ||    79
Dodge: Dodged            |   111 |   130 ||   241
